 Dungeon Crawl Stone Soup version 0.21.1-1-g345015fe64 (webtiles) character file.

8687 Gaplan the Cleaver (level 11, -1/151 HPs)
             Began as a Minotaur Berserker on Feb 12, 2018.
             Was a High Priest of Trog.
             Slain by Snorg (10 damage)
             ... on level 9 of the Dungeon.
             The game lasted 00:23:18 (9631 turns).

Gaplan the Cleaver (Minotaur Berserker)             Turns: 9631, Time: 00:23:19

Health: -1/151     AC: 18    Str: 30    XL:     11   Next: 13%
Magic:  0/10       EV:  9    Int:  4    God:    Trog [*****.]
Gold:   477        SH:  0    Dex: 10    Spells: 10/10 levels left

rFire    . . .     SeeInvis +   M - +2 battleaxe
rCold    . . .     Gourm    .   (shield currently unavailable)
rNeg     + . .     Faith    .   g - +1 plate armour
rPois    .         Spirit   +   (helmet restricted)
rElec    .         Reflect  .   A - +0 cloak
rCorr    .         Harm     .   y - +0 pair of gloves
MR       .....                  (no boots)
Stlth    ..........             v - amulet of guardian spirit
HPRegen  0.35/turn              o - ring of positive energy
MPRegen  0.12/turn              u - ring of see invisible

@: berserking, very quick
A: retaliatory headbutt, horns 2
a: Berserk, Trog's Hand, Brothers in Arms, Burn Spellbooks, Renounce Religion


You were on level 9 of the Dungeon.
You worshipped Trog.
Trog was extremely pleased with you.
You were not hungry.

You visited 2 branches of the dungeon, and saw 11 of its levels.

You collected 477 gold pieces.

Inventory:

Hand Weapons
 a - a +1 hand axe
 H - a -2 glaive
 J - a +0 war axe of freezing
 M - a +2 battleaxe (weapon)
Armour
 b - a +0 animal skin
 g - a +1 plate armour (worn)
 y - a +0 pair of gloves (worn)
 A - a +0 cloak (worn)
Jewellery
 e - an uncursed amulet of rage
 o - a ring of positive energy (left hand)
 u - a ring of see invisible (right hand)
 v - an amulet of guardian spirit (around neck)
Wands
 F - a wand of random effects (27)
 I - a wand of digging (15)
 L - a wand of acid (7)
 O - a wand of iceblast (9)
Scrolls
 d - 4 scrolls of enchant weapon
 i - 3 scrolls of identify
 j - 2 scrolls of enchant armour
 k - 3 scrolls of noise
 m - a scroll of holy word {unknown}
 t - 2 scrolls of magic mapping
 z - 4 scrolls of remove curse
 G - a scroll of amnesia {unknown}
 K - a scroll of random uselessness {unknown}
 N - a scroll of teleportation {unknown}
Potions
 f - 2 potions of might {unknown}
 h - 3 potions of degeneration {unknown}
 l - a potion of heal wounds
 n - 3 potions of curing
 p - a potion of cancellation
 r - a potion of haste {unknown}
 s - a potion of flight {unknown}
 w - 2 potions of brilliance {unknown}
 x - a potion of magic {unknown}
 B - a potion of invisibility {unknown}
 C - a potion of ambrosia {unknown}
 D - a potion of berserk rage {unknown}
 E - 2 potions of lignification {unknown}
Books
 q - a book of Minor Magic

   Spells                             Type                      Level
   a - Magic Dart                     Conjuration                  1
   b - Blink                          Translocation                2
   c - Call Imp                       Summoning                    2
   d - Slow                           Hexes                        2
   e - Conjure Flame                  Conjuration/Fire             3
   f - Mephitic Cloud                 Conjuration/Poison/Air       3
   Trog disapproves of the use of such an item.
Comestibles
 c - 8 rations


   Skills:
 + Level 10.6 Fighting
 + Level 14.5 Axes
 + Level 10.4 Armour
 - Level 2.6 Dodging


You had 10 spell levels left.
You didn't know any spells.

Dungeon Overview and Level Annotations

Branches:
Dungeon (10/15)            Temple (0/1) D:4            Lair (0/6) D:10
    Orc (1/2) D:10

Altars:
Dithmenos
Makhleb
Nemelex Xobeh
Xom

Shops:
D:5 *

Annotations:
D:9 Snorg


Innate Abilities, Weirdness & Mutations

You reflexively headbutt those who attack you in melee.
You have a pair of horns on your head.


Message History

* * * LOW HITPOINT WARNING * * *
Snorg barely misses you. The orc hits you but does no damage.
You climb upwards.
There is a stone staircase leading down here.
Unknown command.
A red film seems to cover your vision as you go berserk!
You feel yourself moving faster!
You feel mighty!
You feel a lot more hungry. Snorg bites you!!
* * * LOW HITPOINT WARNING * * *
Snorg claws you!
* * * LOW HITPOINT WARNING * * *
Snorg claws you but does no damage. Snorg closely misses you. Snorg claws you!
* * * LOW HITPOINT WARNING * * *
Snorg claws you but does no damage.
You slice Snorg!! You headbutt Snorg!!
Snorg is moderately wounded.
You barely miss the orc. The orc misses you. Snorg barely misses you.
You furiously retaliate!
You headbutt Snorg! Snorg closely misses you. Snorg claws you!
You die...

..................##.....#.....#
..................##.....#.....#
..................##.....#.....##
..................##.....#.....(.
..................##.....#.......
#####....###########...###.......
....#....###########...#######...
....#......##...To...........#...
....#......##...@............+.##
....#......##................#.#
....'......##................#.#
#...#......##................#.##
#...#......##.............)>.#...
....#...##.################'##...
'####...#######..................
..............'..................
..............#..................


You could see Snorg (berserk) and an orc.

Vanquished Creatures
  3 two-headed ogres
  The ghost of BrokenGlass the Martial Artist, a novice OpFi of Makhleb (D:10)
  Maurice (D:8)
  Psyche (D:8)
  A merfolk (D:9)
  Sigmund (D:3)
  A wraith (D:10)
  Grum (D:8)
  A steam dragon (D:9)
  A hungry ghost (D:8)
  4 wargs
  2 water moccasins
  2 orc warriors
  2 ice beasts
  3 sky beasts
  A necrophage (D:7)
  5 ogres
  A phantom (D:9)
  An eye of draining (D:8)
  3 centaurs
  2 wolves (D:8)
  4 bullfrogs
  2 scorpions (D:4)
  A water moccasin skeleton (D:4)
  4 wights (D:8)
  2 howler monkeys
  A bullfrog zombie (D:4)
  3 crimson imps
  A centaur zombie (D:8)
  5 hounds
  3 jellies
  12 orc priests
  2 iguanas (D:5)
  8 orc wizards
  7 worker ants
  A killer bee zombie (D:5)
  A hound zombie (D:8)
  2 worker ant zombies
  Robin (D:3)
  A gnoll (D:1)
  10 adders
  3 shadow imps
  An adder zombie (D:9)
  4 worms
  14 leopard geckos
  36 orcs
  2 ball pythons
  3 giant cockroaches
  19 goblins
  14 hobgoblins
  18 jackals
  3 quokkas
  6 bats
  11 frilled lizards
  3 kobolds
  2 quokka skeletons
  4 rats
  2 plants (D:1)
254 creatures vanquished.

Notes
Turn   | Place    | Note
-------+----------+-------------------------------------------
     0 | D:1      | Gaplan the Minotaur Berserker began the quest for the Orb.
     0 | D:1      | Reached XP level 1. HP: 19/19 MP: 0/0
    36 | D:1      | Reached skill level 4 in Axes
    36 | D:1      | Reached XP level 2. HP: 12/27 MP: 1/1
   677 | D:1      | Reached XP level 3. HP: 26/33 MP: 2/2
   680 | D:1      | Reached ** piety under Trog
  1122 | D:2      | Reached XP level 4. HP: 37/41 MP: 3/3
  1572 | D:3      | Noticed Sigmund
  1575 | D:3      | Reached skill level 5 in Axes
  1581 | D:3      | Killed Sigmund
  1581 | D:3      | Reached skill level 5 in Fighting
  1581 | D:3      | Reached skill level 6 in Axes
  1581 | D:3      | Reached XP level 5. HP: 48/48 MP: 4/4
  1750 | D:3      | Reached *** piety under Trog
  1756 | D:3      | Reached XP level 6. HP: 56/56 MP: 5/5
  1986 | D:3      | Noticed Robin
  2002 | D:3      | Killed Robin
  2440 | D:4      | Reached skill level 7 in Axes
  2517 | D:4      | Reached XP level 7. HP: 63/63 MP: 6/6
  2629 | D:4      | Found a staircase to the Ecumenical Temple.
  2801 | D:4      | Reached **** piety under Trog
  2935 | D:5      | Entered Level 5 of the Dungeon
  2971 | D:5      | Reached skill level 8 in Axes
  3101 | D:5      | Found Tadway's General Store.
  3158 | D:5      | Found a shimmering altar of Xom.
  3309 | D:5      | Reached skill level 5 in Armour
  3341 | D:5      | Found a burning altar of Makhleb.
  3375 | D:5      | Reached skill level 9 in Axes
  3553 | D:5      | Reached XP level 8. HP: 39/71 MP: 7/7
  4100 | D:6      | Reached skill level 10 in Axes
  5140 | D:7      | Reached skill level 11 in Axes
  5333 | D:7      | Reached XP level 9. HP: 70/79 MP: 8/8
  5366 | D:7      | Reached ***** piety under Trog
  5383 | D:7      | Found a sparkling altar of Nemelex Xobeh.
  6268 | D:7      | Found a shadowy altar of Dithmenos.
  6674 | D:8      | Noticed a two-headed ogre
  6683 | D:8      | Killed a two-headed ogre
  6683 | D:8      | Reached skill level 12 in Axes
  6956 | D:8      | Noticed Psyche
  6960 | D:8      | Killed Psyche
  7025 | D:8      | Reached XP level 10. HP: 66/90 MP: 9/9
  7183 | D:8      | Noticed Grum
  7198 | D:8      | Killed Grum
  7572 | D:8      | Reached skill level 13 in Axes
  7656 | D:8      | Noticed Maurice
  7665 | D:8      | Killed Maurice
  8216 | D:9      | Noticed a two-headed ogre
  8227 | D:9      | Killed a two-headed ogre
  8263 | D:9      | Reached skill level 10 in Armour
  8606 | D:9      | Reached skill level 10 in Fighting
  9013 | D:10     | Entered Level 10 of the Dungeon
  9026 | D:10     | Found a staircase to the Orcish Mines.
  9048 | Orc:1    | Entered Level 1 of the Orcish Mines
  9052 | Orc:1    | Noticed a two-headed ogre
  9059 | Orc:1    | Killed a two-headed ogre
  9059 | Orc:1    | Reached skill level 14 in Axes
  9198 | Orc:1    | Reached XP level 11. HP: 94/101 MP: 7/10
  9214 | Orc:1    | Noticed an orc knight
  9552 | D:10     | Noticed BrokenGlass's ghost (novice OpFi)
  9560 | D:10     | Killed BrokenGlass's ghost
  9611 | D:10     | Found a staircase to the Lair.
  9614 | D:10     | Received a gift from Trog
  9615 | D:10     | Noticed Snorg
  9631 | D:9      | Slain by Snorg

Skill      XL: |  1  2  3  4  5  6  7  8  9 10 |
---------------+-------------------------------+-----
Axes           | 4 6 7 9 11 12 14 | 14.5
Fighting       | 4 5 6 7 8 10 | 10.6
Armour         | 3 4 5 6 9 10 | 10.4
Dodging        | |  2.6

Action                   |  1- 3 |  4- 6 |  7- 9 | 10-12 || total
-------------------------+-------+-------+-------+-------++-------
Melee: Hand axe          |   128 |   114 |   330 |    12 ||   584
       Headbutt          |    27 |    18 |    58 |    28 ||   131
       Battleaxe         |       |       |       |   118 ||   118
       War axe           |       |       |       |    51 ||    51
Invok: Berserk           |       |     1 |     4 |     3 ||     8
  Use: Scroll            |     2 |     5 |       |     4 ||    11
       Potion            |       |       |     3 |       ||     3
  Eat: Chunk             |     1 |     5 |    11 |     7 ||    24
       Ration            |       |       |     3 |     1 ||     4
Armor: Animal skin       |    11 |       |       |       ||    11
       Plate armour      |    23 |    80 |   211 |    91 ||   405
Dodge: Dodged            |    58 |    47 |    96 |    61 ||   262
